 Dungeon Crawl Stone Soup version 0.22-a0-396-g3f858e3 (webtiles) character file.

6934 MisterFreud the Magician (level 11, 0/84 HPs)
             Began as a Gnoll Skald on May 3, 2018.
             Was a Priest of Okawaru.
             Slain by an Executioner (27 damage)
             ... on level 2 of the Abyss.
             The game lasted 01:04:16 (13155 turns).

MisterFreud the Magician (Gnoll Skald)             Turns: 13155, Time: 01:04:22

Health: 0/84       AC:  7    Str: 18    XL:     11   Next: 7%
Magic:  20/22      EV: 16    Int: 19    God:    Okawaru [***...]
Gold:   174        SH:  0    Dex: 14    Spells: 9/25 levels left

rFire    . . .     SeeInvis .   J - +1 mace (protect)
rCold    . . .     Gourm    .   (no shield)
rNeg     . . .     Faith    .   o - +1 leather armour
rPois    +         Spirit   .   t - +0 helmet
rElec    .         Reflect  .   H - +0 cloak
rCorr    .         Harm     .   (no gloves)
MR       .....                  (no boots)
Stlth    +++.......             (no amulet)
HPRegen  0.00/turn              r - ring of poison resistance
MPRegen  0.18/turn              n - +4 ring of strength

@: about to teleport, non-regenerating, diseased
A: distributed training, fangs 1, strong nose
a: Heroism, Renounce Religion


You were on level 2 of the Abyss.
You worshipped Okawaru.
Okawaru was most pleased with you.
You were hungry.

You visited 2 branches of the dungeon, and saw 11 of its levels.
You visited the Abyss 1 time.

You collected 444 gold pieces.
You spent 270 gold pieces at shops.

Inventory:

Hand Weapons
 a - a +0 spear
 b - a +2 hunting sling of velocity
 s - a +0 scimitar of flaming
 J - a +1 mace of protection (weapon)
Missiles
 e - 410 stones (quivered)
 g - 117 bolts
 h - 216 sling bullets
 x - 135 arrows
 z - 4 needles of confusion
 I - 6 tomahawks
 M - 8 curare-tipped needles
Armour
 o - a +1 leather armour (worn)
 t - a +0 helmet (worn)
 H - a +0 cloak (worn)
Jewellery
 i - an uncursed ring of positive energy
 n - a +4 ring of strength (right hand)
 r - a ring of poison resistance (left hand)
Wands
 q - a wand of clouds (12)
 B - a wand of acid (5)
 F - a wand of random effects (18)
 G - a wand of flame (58)
Scrolls
 c - 4 scrolls of enchant armour
 f - 2 scrolls of teleportation
 j - a scroll of blinking
 l - 2 scrolls of enchant weapon
 p - 3 scrolls of fear
 u - a scroll of noise {unknown}
 v - 5 scrolls of remove curse
 y - 3 scrolls of amnesia {unknown}
 A - 2 scrolls of fog {unknown}
 K - 2 scrolls of identify
Potions
 k - 3 potions of mutation
 m - 3 potions of brilliance
 w - 2 potions of flight
 C - 3 potions of lignification
 D - 2 potions of cancellation
 E - a potion of agility
Comestibles
 d - 15 rations
 L - a chunk of flesh


   Skills:
 + Level 7.5 Fighting
 + Level 5.8 Short Blades
 + Level 5.8 Long Blades
 + Level 5.8 Axes
 + Level 5.8 Maces & Flails
 + Level 7.5 Polearms
 + Level 5.8 Staves
 + Level 5.8 Slings
 + Level 5.8 Bows
 + Level 5.8 Crossbows
 + Level 5.8 Throwing
 + Level 6.4 Armour
 + Level 7.5 Dodging
 + Level 5.8 Stealth
 + Level 5.8 Shields
 + Level 5.8 Unarmed Combat
 + Level 7.7 Spellcasting
 + Level 4.8 Conjurations
 + Level 4.8 Hexes
 + Level 7.4 Charms
 + Level 4.8 Summonings
 + Level 4.8 Necromancy
 + Level 4.8 Translocations
 + Level 4.8 Transmutations
 + Level 4.8 Fire Magic
 + Level 4.8 Ice Magic
 + Level 4.8 Air Magic
 + Level 4.8 Earth Magic
 + Level 4.8 Poison Magic
 + Level 6.4 Invocations
 + Level 5.8 Evocations


You had 9 spell levels left.
You knew the following spells:

 Your Spells              Type           Power        Failure   Level  Hunger
a - Infusion              Chrm           ####         1%          1    None
b - Song of Slaying       Chrm           #####...     1%          2    None
c - Shroud of Golubria    Chrm/Tloc      ####......   1%          2    None
d - Regeneration          Chrm/Necr      ####......   2%          3    #......
e - Spectral Weapon       Hex/Chrm       ####....     2%          3    #......
f - Blink                 Tloc           N/A          2%          2    None
g - Conjure Flame         Conj/Fire      ####....     4%          3    #......


Dungeon Overview and Level Annotations

Branches:
Dungeon (10/15)            Temple (1/1) D:7
   Lair: D:8-11         Orc: D:9-12

Altars:
Ashenzari
Dithmenos
Elyvilon
Fedhas
Gozag
Kikubaaqudgha
Makhleb
Nemelex Xobeh
Okawaru
Qazlal
Ru
Trog
Uskayaw
Vehumet
Wu Jian
Xom
Yredelemnul
Zin

Shops:
D:5 %   D:6 %   D:8 ?   D:9 :

Annotations:
D:8 exclusion: statue
D:10 Erolcha


Innate Abilities, Weirdness & Mutations

Your experience applies equally to all skills.
You have very sharp teeth.
Your uncanny sense of smell can sniff out nearby items.


Message History

The Executioner gestures at you. Pain shoots through your body!
The Executioner hits you.
The Executioner hits you but does no damage.
The Executioner hits you!
Casting: Regeneration (safe; 2% risk of failure)
Confirm with . or Enter, or press ? or * to list all spells.
You blink.
The ynoxinul gestures.
The Executioner hits you! The Executioner hits you.
The Executioner misses you. x2
The Executioner barely misses you. The Executioner hits you.
The ynoxinul gestures.
The small abomination hits you.
As you read the scroll of teleportation, it crumbles to dust.
You feel strangely unstable.
You feel the power of the Abyss delaying your translocation!
The Executioner closely misses you. The Executioner hits you.
The Executioner hits you! The Executioner barely misses you.
The Executioner hits you but does no damage.
The Executioner hits you! The Executioner hits you!!
You die...

# . # .. .# #. #.# .
.###.. # . .# ###
#.#...### .#..
#.###..#.#..# #. ..##
.. ∆ ##.#...#....##
#.#.. #
####..5x..#.## ##5...
# # .[.##.....##.#
... . ##. .#..#x@.§.#
# ### #.
#.##.#551#.#..### ..
# #
#.#.53#.4#.#....#.#
..###55##.....#.#####
#. #..5#....#..#
...#.#..##.#... #
#.#....#.#...#..# ∆
..................
.... .......)........


You could see an Executioner, an ancient zyme, a ynoxinul, a chaos spawn, a
small abomination, an iron imp, a quasit and 5 ufetubi.

Vanquished Creatures
  A two-headed ogre (D:8)
  Erica (D:8)
  Joseph (D:7)
  A kobold demonologist (D:8)
  A queen bee (D:9)
  Prince Ribbit (D:9)
  4 yaks (D:8)
  Eustachio (D:6)
  A hungry ghost (D:9)
  Menkaure (D:7)
  2 ice beasts (D:5)
  A sky beast (D:8)
  2 phantoms
  2 orc warriors
  A wolf (D:9)
  6 ogres
  2 centaurs
  A big kobold (D:4)
  23 killer bees
  2 scorpions
  An electric eel (D:9)
  3 centaur skeletons
  A centaur zombie (D:8)
  3 hounds
  3 orc priests (D:4)
  A jelly (D:9)
  5 orc wizards
  A bullfrog skeleton (D:4)
  3 iguanas
  4 worker ants
  2 hound zombies
  A howler monkey zombie (D:8)
  3 gnolls (D:6)
  8 adders
  A shadow imp (D:5)
  2 oozes (D:4)
  An adder skeleton (D:8)
  2 dart slugs
  A leopard gecko (D:7)
  20 orcs
  9 bats
  4 giant cockroaches
  11 hobgoblins
  13 kobolds
  2 quokkas (D:3)
  2 ball pythons
  3 frilled lizards
  13 goblins
  A leopard gecko skeleton (D:5)
  A quokka skeleton (D:9)
  9 rats
  A spectral weapon (D:5)
190 creatures vanquished.

Vanquished Creatures (others)
  7 spectral weapons
7 creatures vanquished.

Grand Total: 197 creatures vanquished

Notes
Turn   | Place    | Note
-------+----------+-------------------------------------------
     0 | D:1      | MisterFreud the Gnoll Skald began the quest for the Orb.
     0 | D:1      | Reached XP level 1. HP: 20/20 MP: 6/6
   321 | D:1      | Reached XP level 2. HP: 26/26 MP: 7/7
   361 | D:1      | Learned a level 2 spell: Song of Slaying
   364 | D:1      | Learned a level 2 spell: Shroud of Golubria
  1027 | D:1      | Reached XP level 3. HP: 31/31 MP: 0/9
  1451 | D:2      | Reached skill level 5 in Spellcasting
  1748 | D:2      | Reached skill level 1 in Invocations
  1816 | D:2      | Found an ornate altar of the Wu Jian Council.
  2034 | D:2      | Reached skill level 1 in Short Blades
  2034 | D:2      | Reached skill level 1 in Long Blades
  2034 | D:2      | Reached skill level 1 in Axes
  2034 | D:2      | Reached skill level 1 in Maces & Flails
  2034 | D:2      | Reached skill level 1 in Staves
  2034 | D:2      | Reached skill level 1 in Slings
  2034 | D:2      | Reached skill level 1 in Bows
  2034 | D:2      | Reached skill level 1 in Crossbows
  2034 | D:2      | Reached skill level 1 in Throwing
  2034 | D:2      | Reached skill level 1 in Stealth
  2034 | D:2      | Reached skill level 1 in Shields
  2034 | D:2      | Reached skill level 1 in Unarmed Combat
  2034 | D:2      | Reached skill level 1 in Evocations
  2250 | D:3      | Reached XP level 4. HP: 35/38 MP: 4/11
  2337 | D:2      | Learned a level 3 spell: Regeneration
  2341 | D:2      | Learned a level 3 spell: Spectral Weapon
  2559 | D:3      | You fall through a shaft for 2 floors!
  2559 | D:5      | Entered Level 5 of the Dungeon
  2564 | D:5      | Found Doniol's Food Shop.
  2591 | D:5      | Noticed an ice beast
  2692 | D:5      | Reached skill level 1 in Conjurations
  2692 | D:5      | Reached skill level 1 in Hexes
  2692 | D:5      | Reached skill level 1 in Summonings
  2692 | D:5      | Reached skill level 1 in Necromancy
  2692 | D:5      | Reached skill level 1 in Translocations
  2692 | D:5      | Reached skill level 1 in Transmutations
  2692 | D:5      | Reached skill level 1 in Fire Magic
  2692 | D:5      | Reached skill level 1 in Ice Magic
  2692 | D:5      | Reached skill level 1 in Air Magic
  2692 | D:5      | Reached skill level 1 in Earth Magic
  2692 | D:5      | Reached skill level 1 in Poison Magic
  2706 | D:5      | Reached XP level 5. HP: 35/43 MP: 1/12
  2912 | D:5      | Noticed an ice beast
  3241 | D:4      | Noticed an ogre
  3255 | D:4      | Killed an ogre
  3255 | D:4      | Reached XP level 6. HP: 46/50 MP: 0/13
  3364 | D:4      | Learned a level 2 spell: Blink
  3564 | D:4      | Reached skill level 5 in Fighting
  3564 | D:4      | Reached skill level 5 in Polearms
  3564 | D:4      | Reached skill level 5 in Dodging
  3976 | D:3      | Reached XP level 7. HP: 49/56 MP: 0/15
  3983 | D:3      | Learned a level 3 spell: Conjure Flame
  5571 | D:5      | Reached XP level 8. HP: 39/63 MP: 7/16
  6144 | D:6      | Noticed Eustachio
  6516 | D:6      | Found Xulliel's Food Shop.
  6743 | D:6      | Killed Eustachio
  6879 | D:6      | Found a glowing silver altar of Zin.
  7188 | D:7      | Found a sparkling altar of Nemelex Xobeh.
  7612 | D:7      | Noticed Prince Ribbit
  7730 | D:7      | Found a sacrificial altar of Ru.
  7741 | D:7      | Noticed Menkaure
  7754 | D:7      | Killed Menkaure
  7929 | D:7      | Noticed Joseph
  7956 | D:7      | Killed Joseph
  7956 | D:7      | Reached XP level 9. HP: 69/69 MP: 0/18
  8138 | D:7      | Found a staircase to the Ecumenical Temple.
  8148 | Temple   | Entered the Ecumenical Temple
  8211 | Temple   | Became a worshipper of Warmaster Okawaru
  8747 | D:8      | Found a burning altar of Makhleb.
  8747 | D:8      | Noticed a blizzard demon
  8877 | D:8      | Noticed a kobold demonologist
  8882 | D:8      | Noticed a red devil
  8891 | D:8      | Noticed a sixfirhy
  9023 | D:8      | Reached skill level 5 in Armour
  9113 | D:8      | Noticed Erica
  9119 | D:8      | Found a radiant altar of Vehumet.
  9382 | D:8      | Noticed a smoke demon
  9384 | D:8      | Noticed an orange demon
  9407 | D:8      | Noticed a smoke demon
  9419 | D:8      | Noticed an ice devil
  9597 | D:8      | Noticed a two-headed ogre
  9616 | D:8      | Killed a two-headed ogre
  9616 | D:8      | Reached * piety under Okawaru
  9616 | D:8      | Reached skill level 5 in Invocations
  9805 | D:8      | Killed Erica
  9805 | D:8      | Reached ** piety under Okawaru
  9805 | D:8      | Reached XP level 10. HP: 31/77 MP: 11/20
  9998 | D:8      | Noticed a soul eater
 10005 | D:8      | Killed a kobold demonologist
 10005 | D:8      | Reached skill level 5 in Short Blades
 10005 | D:8      | Reached skill level 5 in Long Blades
 10005 | D:8      | Reached skill level 5 in Axes
 10005 | D:8      | Reached skill level 5 in Maces & Flails
 10005 | D:8      | Reached skill level 5 in Staves
 10005 | D:8      | Reached skill level 5 in Slings
 10005 | D:8      | Reached skill level 5 in Bows
 10005 | D:8      | Reached skill level 5 in Crossbows
 10005 | D:8      | Reached skill level 5 in Throwing
 10005 | D:8      | Reached skill level 5 in Stealth
 10005 | D:8      | Reached skill level 5 in Shields
 10005 | D:8      | Reached skill level 5 in Unarmed Combat
 10005 | D:8      | Reached skill level 5 in Evocations
 10113 | D:8      | Found a shattered altar of Ashenzari.
 10683 | D:8      | Found Faxty's Magic Scroll Shop.
 10689 | D:8      | Bought a scroll of blinking for 90 gold pieces
 10689 | D:8      | Bought a scroll of identify for 24 gold pieces
 10689 | D:8      | Bought a scroll of teleportation for 36 gold pieces
 10689 | D:8      | Bought a scroll of teleportation for 36 gold pieces
 10689 | D:8      | Bought a scroll of fear for 42 gold pieces
 10689 | D:8      | Bought a scroll of fear for 42 gold pieces
 11658 | D:9      | Found Hiudomar's Book Emporium.
 11833 | D:8      | Reached *** piety under Okawaru
 11844 | D:8      | Received a gift from Okawaru
 12200 | D:10     | Entered Level 10 of the Dungeon
 12398 | D:9      | Killed Prince Ribbit
 12624 | D:9      | Reached XP level 11. HP: 80/84 MP: 13/22
 12991 | D:10     | Noticed Erolcha
 12995 | D:10     | Cast into level 2 of the Abyss (Erolcha)
 13023 | Abyss:2  | Noticed a rakshasa
 13063 | Abyss:2  | Noticed a tentacled starspawn
 13080 | Abyss:2  | Noticed a rakshasa
 13084 | Abyss:2  | Noticed a tentacled starspawn
 13095 | Abyss:2  | Noticed a thrashing horror
 13138 | Abyss:2  | Noticed an Executioner
 13155 | Abyss:2  | Slain by an Executioner

Vault maps used:
D:1:      erik_arrival_cave_to_civilisation, minmay_tromino_i4
D:2:      lemuel_coloured_pillars_altar, first_ration
D:3:      minmay_bisected
D:4:      cheibrodos_thug_alley
D:5:      serial_shops, shop_statue
D:6:      marbit_many_paths, serial_shops, nicolae_shop_stone, hex_tiny,
          uniq_eustachio
D:7:      nicolae_overflow_hidden_temple, old_standard_altar, temple_statues,
          uniq_menkaure, uniq_joseph, uniq_prince_ribbit1
D:8:      vehumet_statue, nicolae_overflow_crystal_walls,
          makhleb_altar_promises_db, serial_shops, shop, uniq_erica
D:9:      serial_shops, shop, david_nohive_1
D:10:     erik_lair_island, serial_curves, eino_curves_04, eino_curves_01,
          eino_curves_03, eino_curves_01, serial_shops,
          nicolae_shop_competitors_out_of_business, kennysheep_little_box,
          nicolae_shop_behind_doors, nicolae_shop_window_shopping, shop_coins,
          jiyva_altar_1, uniq_erolcha, uniq_harold
Temple:   bh_familiar_temple

Skill      XL: |  1  2  3  4  5  6  7  8  9 10 |
---------------+-------------------------------+-----
Spellcasting   | 5 6 7 |  7.7
Invocations    | 1 2 3 4 5 6 |  6.4
Short Blades   | 1 2 3 4 5 |  5.8
Long Blades    | 1 2 3 4 5 |  5.8
Axes           | 1 2 3 4 5 |  5.8
Maces & Flails | 1 2 3 4 5 |  5.8
Staves         | 1 2 3 4 5 |  5.8
Slings         | 1 2 3 4 5 |  5.8
Bows           | 1 2 3 4 5 |  5.8
Crossbows      | 1 2 3 4 5 |  5.8
Throwing       | 1 2 3 4 5 |  5.8
Stealth        | 1 2 3 4 5 |  5.8
Shields        | 1 2 3 4 5 |  5.8
Unarmed Combat | 1 2 3 4 5 |  5.8
Evocations     | 1 2 3 4 5 |  5.8
Conjurations   | 1 2 3 4 |  4.8
Hexes          | 1 2 3 4 |  4.8
Summonings     | 1 2 3 4 |  4.8
Necromancy     | 1 2 3 4 |  4.8
Translocations | 1 2 3 4 |  4.8
Transmutations | 1 2 3 4 |  4.8
Fire Magic     | 1 2 3 4 |  4.8
Ice Magic      | 1 2 3 4 |  4.8
Air Magic      | 1 2 3 4 |  4.8
Earth Magic    | 1 2 3 4 |  4.8
Poison Magic   | 1 2 3 4 |  4.8
Armour         | 3 4 5 6 |  6.4
Fighting       | 5 6 7 |  7.5
Polearms       | 5 6 7 |  7.5
Dodging        | 5 6 7 |  7.5
Charms         | 6 7 |  7.4

Action                   |  1- 3 |  4- 6 |  7- 9 | 10-12 || total
-------------------------+-------+-------+-------+-------++-------
Melee: Spear             |   110 |   136 |   374 |    66 ||   686
       Bite              |     5 |    14 |    31 |    39 ||    89
       Punch             |       |     1 |     4 |     7 ||    12
       Mace              |       |       |       |   304 ||   304
 Fire: Hunting sling     |       |     2 |    35 |       ||    37
Throw: Stone             |     1 |       |       |       ||     1
 Cast: Infusion          |    11 |    11 |    11 |     8 ||    41
       Shroud of Golubri |     6 |    17 |    33 |    28 ||    84
       Regeneration      |       |     4 |    12 |    23 ||    39
       Spectral Weapon   |       |     2 |    20 |    16 ||    38
       Song of Slaying   |       |       |     1 |     1 ||     2
       Conjure Flame     |       |       |     6 |       ||     6
       Blink             |       |       |     1 |     4 ||     5
Invok: Heroism           |       |       |     1 |       ||     1
Evoke: Wand              |       |       |       |     4 ||     4
  Use: Scroll            |     5 |     8 |     6 |     8 ||    27
       Potion            |       |     1 |     1 |     3 ||     5
 Stab: Sleeping          |     3 |     2 |     4 |     1 ||    10
       Distracted        |       |       |     4 |     4 ||     8
  Eat: Chunk             |     4 |     6 |    14 |    10 ||    34
       Ration            |       |       |     2 |     1 ||     3
Armor: Leather armour    |    19 |    14 |    39 |   138 ||   210
Dodge: Dodged            |    50 |    57 |   208 |   429 ||   744

Table legend:
 A = Spawn XP
 B = Non-spawn XP
 C = Spawn XP percentage of total XP
 D = Spawn monster count
 E = Non-spawn monster count
 F = Spawn count percentage of total count
 G = Total turns spent on level
                    A         B        C        D         E        F      G
               +---------+---------+-------+---------+---------+-------+---------
         Total |       0 |    9906 |   0.0 |       0 |     189 |   0.0 | 13155
               +---------+---------+-------+---------+---------+-------+---------
           D:1 |       0 |      35 |   0.0 |       0 |      22 |   0.0 |  1226
           D:2 |       0 |      42 |   0.0 |       0 |      19 |   0.0 |  1030
           D:3 |       0 |     149 |   0.0 |       0 |      24 |   0.0 |  1120
           D:4 |       0 |     771 |   0.0 |       0 |      31 |   0.0 |  1658
           D:5 |       0 |     477 |   0.0 |       0 |       9 |   0.0 |  1168
           D:6 |       0 |     499 |   0.0 |       0 |      10 |   0.0 |  1091
           D:7 |       0 |    1049 |   0.0 |       0 |      11 |   0.0 |  1753
           D:8 |       0 |    4010 |   0.0 |       0 |      29 |   0.0 |  2577
           D:9 |       0 |    2458 |   0.0 |       0 |      32 |   0.0 |  1136
          D:10 |       0 |     416 |   0.0 |       0 |       2 |   0.0 |   140
               +---------+---------+-------+---------+---------+-------+---------
